AoeStats
← yaniversary

Arena

510527372Analyzed
1v1 RM · 2d ago on Oct 1, 2026· 66m 49s· 2 players
Game mode
Random Map
Map size
Tiny (2 player)
Population
200
Speed
Normal
Resources
Standard
Victory
Conquest
Starting age
Dark Age
Ending age
Imperial Age
RankedLock teamsTeams togetherTeam positionsShared explorationLock speedFull tech treeHidden civsTurbo modeCheats
Victory
Defeat
🇩🇪 Danes · Germany
1888
+20
🇻🇳 Mongols · Vietnam
1982
-20
chuoi
10:23 Feudal Age
13:56 Castle Age
12:03 Double-Bit Axe
12:07 Horse Collar
15:20 Bloodlines
14:33 Light Cavalry
21:31 Wheelbarrow
21:23 Bow Saw
24:08 Gold Mining
24:11 Stone Mining
29:09 Imperial Age
26:55 Hand Cart
27:00 Husbandry
27:05 Fletching
27:25 Loom
27:26 Town Watch
27:50 Bodkin Arrow
28:19 Padded Archer Armor
28:31 Bloodlines
29:46 Ballistics
29:55 Bracer
30:57 Chemistry
30:43 Parthian Tactics
30:02 Capped Ram
31:28 Conscription
31:56 Leather Archer Armor
31:49 Siphons
32:00 Scale Barding Armor
33:04 Drill
33:07 Elite Mangudai
34:10 Forging
34:31 Onager
36:29 Siege Engineers
36:49 Chain Barding Armor
37:25 Iron Casting
38:33 Siege Ram
42:11 Thumb Ring
44:13 Hussar
50:16 Blast Furnace
53:41 Herbal Medicine
57:42 Nomads
62:36 Heavy Plow
yaniversary
10:32 Feudal Age
11:50 Double-Bit Axe
14:28 Castle Age
12:24 Horse Collar
14:30 Light Cavalry
21:50 Wheelbarrow
21:36 Bow Saw
23:34 Hand Cart
23:20 Heavy Plow
28:28 Imperial Age
26:01 Gold Mining
26:09 Fletching
27:22 Gold Shaft Mining
27:03 Bodkin Arrow
27:15 Loom
27:43 Padded Archer Armor
27:12 Elite Skirmisher
29:18 Ballistics
29:10 Bracer
30:14 Chemistry
29:45 Leather Archer Armor
30:10 Stone Mining
30:24 Town Watch
30:54 Squires
31:12 Scale Mail Armor
31:39 Conscription
32:11 Chain Mail Armor
31:50 Hamask
33:20 Ring Archer Armor
33:02 Elite Varangian Guard
34:41 Plate Mail Armor
34:22 Forging
34:18 Arson
45:58 Iron Casting
47:35 Siege Engineers
50:12 Masonry
61:23 Pikeman
61:29 Capped Ram
62:41 Siege Ram
65:01 Halberdier
Connection lost

Rejoining the realm…

Still unreachable

The connection could not be restored.

Session expired

The server has moved on; the page needs a fresh start.